 Dungeon Crawl Stone Soup version 0.17-a0-1751-g9fa07f0 (webtiles) character file.

2690 PoeticJustice the Basher (level 9, -7/120 HPs)
             Began as a Troll Berserker on Sept 2, 2015.
             Was an Elder of Trog.
             Mangled by a cyan ugly thing (15 damage)
             ... on level 7 of the Dungeon.
             The game lasted 00:32:42 (5587 turns).

PoeticJustice the Basher (Troll Berserker)          Turns: 5587, Time: 00:32:42

Health: -7/120     AC:  9    Str: 35    XL:     9   Next: 38%
Magic:  8/8        EV: 10    Int:  3    God:    Trog [****..]
Gold:   336        SH:  0    Dex: 12    Spells: 0 memorised, 8 levels left

rFire  . . .     SeeInvis .     s - +4 flail
rCold  . . .     Clarity  .     b - +1 animal skin
rNeg   . . .     SustAt   .     (no shield)
rPois  .         Gourm    +     (helmet restricted)
rElec  .         Spirit   .     (no cloak)
rCorr  .         Warding  .     (gloves unavailable)
rMut   .         Stasis   .     (boots unavailable)
MR     ++...                    (no amulet)
Stlth  ..........               z - +3 ring of protection
                                k - +3 ring of dexterity

@: berserking (expiring), regenerating, very quick, very resistant to hostile
enchantments, extremely unstealthy
A: unfitting armour, claws 3, fast metabolism 3, gourmand, regeneration 2,
shaggy fur 1, tough skin 2
a: Burn Spellbooks, Berserk, Trog's Hand, Brothers in Arms, Renounce Religion


You were on level 7 of the Dungeon.
You worshipped Trog.
Trog was greatly pleased with you.
You were not hungry.

You visited 1 branch of the dungeon, and saw 7 of its levels.

You collected 466 gold pieces.
You spent 130 gold pieces at shops.

Inventory:

Hand weapons
 a - a +0 mace
 p - a +2 falchion of holy wrath
 s - a +4 flail (weapon)
Armour
 b - a +1 animal skin (worn)
Jewellery
 k - a +3 ring of dexterity (left claw)
 z - a +3 ring of protection (right claw)
 C - an uncursed ring of poison resistance {unknown}
Magical devices
 y - a wand of magic darts (16)
Scrolls
 g - 2 scrolls of fog
 q - 4 scrolls of remove curse
 t - 2 scrolls of recharging
 v - 2 scrolls of teleportation
 A - 2 scrolls of identify
 B - a scroll of blinking
Potions
 d - 3 potions of invisibility
 e - 2 potions of agility
 j - 2 potions of flight
 l - a potion of mutation {unknown}
 m - 3 potions of poison
 n - 3 potions of curing
 r - a potion of might {unknown}
 u - 2 potions of lignification {unknown}
 w - a potion of heal wounds {unknown}
 x - a potion of degeneration {unknown}
Comestibles
 c - 5 bread rations
 f - 3 meat rations
 h - 2 beef jerkies
 i - 4 fruits
 o - a royal jelly


   Skills:
 - Level 2.4 Fighting
 + Level 11.9 Maces & Flails
 - Level 2.4 Dodging


You had 8 spell levels left.
You didn't know any spells.

Dungeon Overview and Level Annotations

Branches:
Dungeon (7/15)             Temple (0/1) D:4

Altars:
Dithmenos
Elyvilon
Makhleb
Sif Muna
Zin
The Shining One

Shops:
D:6 *


Innate Abilities, Weirdness & Mutations

You are too large for most types of armour.
You have claws for hands.
Your metabolism is lightning-fast.
You like to eat raw meat.
You heal very quickly.
You are covered in fur (AC +1).
You have very tough skin (AC +2).


Message History

* * * LOW HITPOINT WARNING * * *
You are too injured to fight recklessly!
You are too injured to fight recklessly!
You are too injured to fight recklessly!
You are too injured to fight recklessly!
You are too injured to fight recklessly!
You hit the cyan ugly thing.
The cyan ugly thing is severely wounded.
You are too berserk!
You closely miss the cyan ugly thing.
The cyan ugly thing is severely wounded.
The cyan ugly thing closely misses you.
You thump the cyan ugly thing!
The cyan ugly thing is almost dead.
You closely miss the cyan ugly thing.
The cyan ugly thing is almost dead.
The cyan ugly thing tail-slaps you!
* * * LOW HITPOINT WARNING * * *
The cyan ugly thing shocks you!
You die...

#.## #.. #.. #
###+ #.. .# ....
#.# ..# ....
#.##..# ....
#u....# ....
#@....+ ....
#.##..# ###+
#.##..# #+##...
#'##..# #.##...
#.##..###+##'##...
#.##..##..#...#...
#.........'...###'
#.##..##..#.......
#.##..###'####....


You could see a cyan ugly thing.

Vanquished Creatures
  Pikel (D:7)
  The ghost of dualclasshuman the Conjurer, an average DECj of Vehumet (D:5)
  Eustachio (D:4)
  A hungry ghost (D:7)
  A sky beast (D:5)
  2 orc warriors
  An ice beast (D:6)
  2 ogres
  A phantom (D:5)
  A crocodile (D:7)
  2 giant frogs
  2 scorpions (D:4)
  3 crimson imps
  2 giant frog skeletons
  2 giant frog zombies
  An orc wizard (D:6)
  Ijyb (D:3)
  3 iguanas
  4 orc priests
  A centaur skeleton (D:7)
  Natasha (thrice) (D:4 D:6)
  A worker ant (D:4)
  A killer bee zombie (D:6)
  A hound skeleton (D:4)
  A worker ant zombie (D:5)
  6 adders
  2 shadow imps (D:6)
  8 gnolls
  8 giant geckos
  13 orcs
  2 ball pythons (D:1)
  4 giant cockroaches
  7 hobgoblins
  14 jackals
  8 kobolds
  A quokka (D:7)
  9 bats
  A giant cockroach zombie (D:6)
  A giant gecko skeleton (D:7)
  7 giant newts
  21 goblins
  A quokka zombie (D:6)
  6 rats
159 creatures vanquished.

Notes
Turn   | Place    | Note
--------------------------------------------------------------
     0 | D:1      | PoeticJustice the Troll Berserker began the quest for the Orb.
     0 | D:1      | Reached XP level 1. HP: 22/22 MP: 0/0
    66 | D:1      | Reached skill level 3 in Maces & Flails
   163 | D:1      | Reached XP level 2. HP: 26/29 MP: 1/1
   439 | D:1      | Acquired Trog's second power
   936 | D:2      | Reached XP level 3. HP: 32/36 MP: 2/2
  1010 | D:2      | Reached skill level 4 in Maces & Flails
  1098 | D:2      | Found a deep blue altar of Sif Muna.
  1167 | D:2      | Found a shadowy altar of Dithmenos.
  1581 | D:3      | Reached XP level 4. HP: 44/44 MP: 3/3
  1765 | D:3      | Reached skill level 5 in Maces & Flails
  1851 | D:3      | Found a burning altar of Makhleb.
  1851 | D:3      | Noticed a balrug
  1855 | D:3      | Found a glowing silver altar of Zin.
  1855 | D:3      | Noticed an angel
  2008 | D:3      | Reached XP level 5. HP: 17/50 MP: 4/4
  2527 | D:3      | Noticed Ijyb
  2542 | D:3      | Killed Ijyb
  2709 | D:4      | Reached skill level 6 in Maces & Flails
  2740 | D:4      | Noticed Natasha
  2745 | D:4      | Killed Natasha
  2771 | D:4      | Reached XP level 6. HP: 37/59 MP: 5/5
  2856 | D:4      | Found a staircase to the Ecumenical Temple.
  3100 | D:4      | Noticed Eustachio
  3116 | D:4      | Killed Eustachio
  3116 | D:4      | Reached skill level 7 in Maces & Flails
  3116 | D:4      | Reached XP level 7. HP: 66/66 MP: 6/6
  3311 | D:5      | Entered Level 5 of the Dungeon
  3396 | D:5      | Noticed dualclasshuman's ghost (average DECj)
  3402 | D:5      | Reached skill level 8 in Maces & Flails
  3421 | D:5      | Killed dualclasshuman's ghost
  3712 | D:5      | Found a glowing golden altar of the Shining One.
  3767 | D:5      | Reached skill level 9 in Maces & Flails
  3767 | D:5      | Reached XP level 8. HP: 69/74 MP: 7/7
  4083 | D:6      | Acquired Trog's third power
  4193 | D:6      | Noticed Natasha
  4331 | D:6      | Reached skill level 10 in Maces & Flails
  4347 | D:6      | Found Teuhusso's Assorted Antiques.
  4352 | D:6      | Bought a knobbly cabochon ring for 130 gold pieces
  4382 | D:6      | Killed Natasha
  4658 | D:6      | Found a white marble altar of Elyvilon.
  4883 | D:6      | Noticed Natasha
  4892 | D:6      | Killed Natasha
  5039 | D:7      | Noticed Pikel
  5063 | D:7      | Killed Pikel
  5063 | D:7      | Reached skill level 11 in Maces & Flails
  5063 | D:7      | Reached XP level 9. HP: 80/80 MP: 8/8
  5571 | D:7      | Noticed a cyan ugly thing
  5587 | D:7      | Mangled by a cyan ugly thing

Vault maps used:
D:1:      lemuel_arrival_broad_hall
D:2:      old_standard_altar, grunt_dithmenos_smoke
D:3:      kennysheep_goblin_castle, grunt_temple_overflow_order_and_chaos_2,
          first_bread
D:4:      minmay_temple_entry_nine_rooms, uniq_eustachio, uniq_natasha
D:5:      tso_metal_star
D:6:      lemuel_crystal_altar, serial_shops, nicolae_shop_overgrown_old_shop,
          minmay_misc_feat_pillars, minmay_misc_feat_square
D:7:      grunt_temple_overflow_opulence, grunt_ogre_cave, uniq_pikel

Action                   |  1- 3 |  4- 6 |  7- 9 || total
-------------------------+-------+-------+-------++-------
Melee: Mace              |   100 |     7 |       ||   107
       Flail             |       |   140 |   268 ||   408
Invok: Berserk           |     3 |     7 |     6 ||    16
       Trog's Hand       |       |     5 |     5 ||    10
       Burn Spellbooks   |       |     1 |       ||     1
  Use: Scroll            |     8 |     5 |     6 ||    19
  Eat: Chunk             |    19 |    20 |    35 ||    74
       Bread ration      |       |     1 |       ||     1
       Pizza             |       |     1 |       ||     1
